 Dungeon Crawl Stone Soup version 0.24.0-123-gd5b16e6ec5 (webtiles) character file.

Game seed: 10958912445316734063, levelgen mode: deterministic

14463 Norian the Thaumaturge (level 11, -8/86 HPs)
             Began as a Green Draconian Conjurer on Dec 21, 2019.
             Was a Priest of Vehumet.
             Mangled by Snorg (14 damage)
             ... on level 11 of the Dungeon.
             The game lasted 00:38:57 (13452 turns).

Norian the Thaumaturge (Green Draconian Conjurer)  Turns: 13452, Time: 00:38:58

Health: -8/86      AC: 13    Str: 10    XL:     11   Next: 89%
Magic:  4/25       EV: 15    Int: 18    God:    Vehumet [***...]
Gold:   754        SH:  8    Dex: 13    Spells: 17/31 levels left

rFire    . . .     SeeInvis .   d - +1 short sword (elec)
rCold    . . .     Gourm    .   S - +0 shield
rNeg     . . .     Faith    .   (armour unavailable)
rPois    +         Spirit   .   Q - +0 hat
rElec    .         Reflect  .   o - scarf {repulsion}
rCorr    .         Harm     .   (no gloves)
MR       .....                  z - +2 pair of boots
Stlth    ++........             (no amulet)
HPRegen  0.24/turn              n - +3 ring of protection
MPRegen  0.19/turn              q - +3 ring of evasion

@: repel missiles
A: breathe noxious fumes, unfitting armour, poison resistance, cold-blooded, AC
+7
a: Breathe Noxious Fumes, Renounce Religion


You were on level 11 of the Dungeon.
You worshipped Vehumet.
Vehumet was most pleased with you.
You were not hungry.

You visited 2 branches of the dungeon, and saw 13 of its levels.
You visited 1 bazaar.
You also visited: Sewer.

You collected 754 gold pieces.

Inventory:

Hand Weapons
 d - a +1 short sword of electrocution (weapon)
 F - a +2 flail of holy wrath
 K - a +3 flail of protection
Armour
 o - a scarf of repulsion (worn)
 w - a +0 buckler
 z - a +2 pair of boots (worn)
 Q - a +0 hat (worn)
 S - a +0 shield (worn)
Jewellery
 n - a +3 ring of protection (left hand)
 q - a +3 ring of evasion (right hand)
 v - an uncursed ring of resist corrosion
 H - an uncursed ring of ice
 N - a +6 ring of strength {unknown}
 R - an uncursed ring of see invisible {unknown}
Wands
 y - a wand of flame (6)
 E - a wand of paralysis (11)
 I - a wand of iceblast (2)
 J - a wand of polymorph (13)
 L - a wand of enslavement (10)
Scrolls
 e - 13 scrolls of identify
 g - 3 scrolls of enchant armour {unknown}
 h - 4 scrolls of amnesia {unknown}
 i - 6 scrolls of remove curse
 k - 2 scrolls of immolation {unknown}
 u - 3 scrolls of blinking {unknown}
 B - 2 scrolls of enchant weapon {unknown}
 C - 5 scrolls of teleportation {unknown}
 G - a scroll of fear {unknown}
 M - a scroll of fog {unknown}
 O - 2 scrolls of noise {unknown}
 P - 2 scrolls of silence {unknown}
Potions
 a - 2 potions of haste {unknown}
 c - 2 potions of heal wounds {unknown}
 f - 2 potions of brilliance {unknown}
 j - 6 potions of curing
 l - a potion of invisibility {unknown}
 m - 4 potions of degeneration {unknown}
 p - a potion of agility
 r - 2 potions of flight {unknown}
 s - a potion of magic {unknown}
 t - a potion of lignification {unknown}
 x - a potion of ambrosia {unknown}
 A - a potion of mutation {unknown}
 D - 2 potions of might {unknown}
Comestibles
 b - 25 rations


   Skills:
 - Level 5.1 Fighting
 + Level 4.4 Dodging
 - Level 1.7 Stealth
 + Level 4.3 Shields
 + Level 10.6 Spellcasting
 - Level 10.1 Conjurations
 - Level 6.2 Hexes
 - Level 7.0 Fire Magic


You had 17 spell levels left.
You knew the following spells:

 Your Spells              Type           Power        Failure   Level  Hunger
a - Magic Dart            Conj           ####         1%          1    None
b - Iskenderun's Mystic   Conj           #####...     1%          4    ##.....
c - Fulminant Prism       Conj/Hex       #####.....   2%          4    ##.....
d - Fireball              Conj/Fire      #####.....   7%          5    #####..

Your spell library contained the following spells:

 Spells                   Type           Power        Failure   Level  Hunger
 Stone Arrow              Conj/Erth      ####..       3%          3    None
 Flame Tongue             Conj/Fire      #####        1%          1    None
 Shock                    Conj/Air       ####         1%          1    None
 Searing Ray              Conj           #####.       1%          2    None
 Throw Flame              Conj/Fire      #####.       1%          2    None
 Conjure Flame            Conj/Fire      #####...     1%          3    None
 Dazzling Spray           Conj/Hex       #####.       1%          3    None
 Inner Flame              Hex/Fire       ####....     1%          3    None
 Sticky Flame             Conj/Fire      #####...     2%          4    ##.....
 Static Discharge         Conj/Air       ####....     3%          3    None
 Force Lance              Conj/Tloc      ####....     11%         4    ##.....
 Lightning Bolt           Conj/Air       ####......   26%         5    #####..
 Swiftness                Chrm/Air       #.......     41%         2    None
 Airstrike                Air            #.........   56%         4    ##.....


Dungeon Overview and Level Annotations

Branches:
Dungeon (12/15)            Temple (1/1) D:5            Lair (0/6) D:9
  Sewer (visited)
    Orc: D:9-12

Altars:
Ashenzari
Cheibriados
Dithmenos
Elyvilon
Fedhas
Gozag
Hepliaklqana
Kikubaaqudgha
Makhleb
Nemelex Xobeh
Okawaru
Qazlal
Ru
Sif Muna
Trog
Uskayaw
Vehumet
Wu Jian
Xom
Yredelemnul
Zin
The Shining One

Shops:
D:8 }   D:11 [   D:12 *:

Annotations:
D:8 1 runed translucent door
D:11 Snorg


Innate Abilities, Weirdness & Mutations

You can breathe blasts of noxious fumes.
Your lurid green scales are hard. (AC +7)
You cannot fit into any form of body armour.
Your system is resistant to poisons. (rPois)
You are cold-blooded and may be slowed by cold attacks.


Message History

Confirm with . or Enter, or press ? or * to list all spells.
Okay, then.
Okay, then.
Snorg bites you but does no damage. Snorg claws you! Snorg claws you.
You climb upwards.
There is a stone staircase leading down here.
Okay, then.
Okay, then.
Okay, then.
Snorg bites you!
* * * LOW HITPOINT WARNING * * *
Snorg claws you but does no damage. Snorg closely misses you. Snorg bites you.
* * * LOW HITPOINT WARNING * * *
You block Snorg's attack. Snorg claws you.
* * * LOW HITPOINT WARNING * * *
You block Snorg's attack. Snorg barely misses you. Snorg closely misses you.
Snorg rages.
You block Snorg's attack. Snorg misses you. You block Snorg's attack.
Snorg bites you!
You die...

##≈≈≈≈≈####.#.# #.#
.≈≈≈≈≈≈≈...>#.# #.#
≈≈≈≈≈≈≈≈.##.#.# #.#
≈≈≈≈≈≈≈≈......###.#
#≈≈≈≈≈≈≈........#.#
##≈≈≈≈≈...........#
###≈≈≈##.#.###....#
# #.≈###.#.# #..T.#
# #.≈≈##.#.# #.^@.#
###≈≈≈≈#.#.# #....#
##≈≈≈≈≈#.#.# #....#
#≈≈≈≈≈≈#.#.# #....#
##########
#≈≈≈≈≈≈#.#.###....#
#........#
.≈≈≈≈≈≈..#........#
#.######.#
≈≈≈≈≈≈≈#######....#
#.#....#.#
≈≈≈≈≈≈≈....# #....#
#.#.##.#.#
≈≈≈≈≈≈#....###....#
#.#.#..#)#


You could see Snorg (berserk).

Vanquished Creatures
  Gastronok (D:12)
  Erolcha (D:10)
  Harold (D:8)
  2 ugly things
  An elephant (D:9)
  A centaur zombie (D:10)
  Joseph (D:8)
  A centaur skeleton (D:10)
  Psyche (D:8)
  2 trolls (D:9)
  2 hornets
  2 hippogriffs
  A wyvern (D:8)
  Grum (D:8)
  A basilisk (D:9)
  5 hungry ghosts
  A two-headed ogre zombie (D:12)
  2 acid dragons (D:11)
  2 soldier ants (D:9)
  3 sky beasts
  5 orc warriors
  Purgy (D:3)
  3 ice beasts
  2 wolves (D:8)
  3 ogres
  3 phantoms
  A centaur (D:7)
  3 necrophages
  A crocodile (D:9)
  2 big kobolds
  A wyvern zombie (D:7)
  13 bullfrogs
  4 scorpions
  5 wights
  A howler monkey (D:5)
  9 electric eels
  3 bullfrog zombies
  6 crimson imps
  2 quasits
  A bullfrog skeleton (D:4)
  7 hounds
  4 jellies
  14 orc wizards
  7 orc priests
  2 iguanas
  18 worker ants
  3 ogre zombies (D:12)
  2 hound zombies
  2 hound skeletons
  12 gnolls
  17 adders
  11 oozes
  3 adder skeletons
  2 adder zombies
  6 worms
  3 dart slugs
  16 leopard geckos
  52 orcs
  12 ball pythons
  11 bats
  18 giant cockroaches
  9 goblins
  6 hobgoblins
  19 jackals
  8 quokkas
  13 frilled lizards
  2 goblin zombies (D:12)
  A hobgoblin skeleton (D:12)
  A jackal skeleton (D:5)
  19 kobolds
  4 orc skeletons (D:12)
  6 orc zombies (D:12)
  A quokka skeleton (D:9)
  12 rats
  A fungus (D:9)
425 creatures vanquished.

Vanquished Creatures (others)
  44 fulminant prisms
44 creatures vanquished.

Grand Total: 469 creatures vanquished

Notes
Turn   | Place    | Note
-------+----------+-------------------------------------------
     0 | D:1      | Norian the Draconian Conjurer began the quest for the Orb.
     0 | D:1      | Reached XP level 1. HP: 14/14 MP: 3/3
   114 | D:1      | Reached XP level 2. HP: 20/20 MP: 1/5
   370 | D:1      | Reached XP level 3. HP: 18/26 MP: 2/7
   883 | D:2      | Found an opulent altar of Gozag.
   928 | D:2      | Found a faded altar of an unknown god.
  1043 | D:2      | Reached XP level 4. HP: 27/33 MP: 2/8
  1140 | D:2      | Reached skill level 5 in Conjurations
  1463 | D:2      | Learned a level 4 spell: Iskenderun's Mystic Blast
  1468 | D:2      | Learned a level 4 spell: Fulminant Prism
  1550 | D:3      | Reached XP level 5. HP: 14/38 MP: 1/10
  1631 | D:3      | Reached skill level 1 in Hexes
  1994 | D:3      | Noticed Purgy
  2002 | D:3      | Killed Purgy
  2002 | D:3      | Reached XP level 6. HP: 43/45 MP: 1/12
  2425 | D:3      | Found a blossoming altar of Fedhas.
  2879 | D:4      | Your scales start taking on a lurid green colour.
  2879 | D:4      | Reached XP level 7. HP: 42/50 MP: 5/13
  2879 | D:4      | Gained mutation: Your system is resistant to poisons.
                  | (rPois) [Green Draconian growth]
  3037 | D:4      | Reached skill level 5 in Spellcasting
  3278 | D:4      | Found a white marble altar of Elyvilon.
  3783 | D:5      | Entered Level 5 of the Dungeon
  3801 | D:5      | Found a staircase to the Ecumenical Temple.
  3823 | Temple   | Entered the Ecumenical Temple
  3912 | D:5      | Found a stormy altar of Qazlal.
  3925 | D:5      | Found an iron altar of Okawaru.
  3933 | D:5      | Found a sacrificial altar of Ru.
  3958 | D:5      | Reached XP level 8. HP: 46/57 MP: 0/16
  4229 | D:5      | Found a hide-covered altar of Uskayaw.
  4292 | D:5      | Found a glowing drain.
  4306 | Sewer    | Entered a sewer
  4797 | D:5      | Reached skill level 5 in Hexes
  5504 | D:6      | Learned a level 5 spell: Fireball
  5527 | D:6      | Reached XP level 9. HP: 62/62 MP: 5/19
  6450 | D:7      | Reached skill level 1 in Fire Magic
  7124 | D:7      | Found a sacrificial altar of Ru.
  7235 | D:8      | Noticed Harold
  7436 | D:8      | Killed Harold
  7436 | D:8      | Reached XP level 10. HP: 25/69 MP: 0/22
  7875 | D:8      | Noticed Psyche
  7882 | D:8      | Killed Psyche
  8017 | D:8      | Found Ivior's Gadget Shoppe.
  8129 | D:8      | Noticed a brown ugly thing
  8132 | D:8      | Noticed Grum
  8145 | D:8      | Killed a brown ugly thing
  8145 | D:8      | Reached skill level 10 in Conjurations
  8386 | D:8      | Killed Grum
  8386 | D:8      | Reached skill level 5 in Fire Magic
  8520 | D:8      | Found a runed translucent door.
  8520 | D:8      | Noticed a centaur warrior
  8520 | D:8      | Noticed a cyclops
  8522 | D:8      | Noticed a centaur warrior
  8522 | D:8      | Noticed a fire dragon
  8522 | D:8      | Noticed a great orb of eyes
  8566 | D:8      | Found a radiant altar of Vehumet.
  8569 | D:8      | Became a worshipper of Vehumet
  8570 | D:8      | Noticed Joseph
  8583 | D:8      | Killed Joseph
  8583 | D:8      | Reached skill level 1 in Fighting
  8695 | D:8      | Found a sparkling altar of Nemelex Xobeh.
  8844 | D:9      | Noticed an elephant
  9007 | D:9      | Killed an elephant
  9187 | D:9      | Found a staircase to the Lair.
  9266 | D:9      | Reached * piety under Vehumet
  9266 | D:9      | Offered knowledge of Freeze by Vehumet.
  9451 | D:9      | Reached XP level 11. HP: 68/83 MP: 24/24
 10363 | D:10     | Entered Level 10 of the Dungeon
 10704 | D:10     | Reached skill level 5 in Fighting
 10884 | D:10     | Offered knowledge of Throw Frost by Vehumet.
 10893 | D:10     | Reached ** piety under Vehumet
 11316 | D:10     | Noticed Erolcha
 11323 | D:10     | Killed Erolcha
 11323 | D:10     | Reached skill level 1 in Shields
 11323 | D:10     | Reached skill level 10 in Spellcasting
 11832 | D:11     | Noticed a green ugly thing
 11841 | D:11     | Killed a green ugly thing
 12403 | D:11     | Found Egynivuo's Antique Armour Emporium.
 12819 | D:12     | Found a flickering gateway to a bazaar.
 12827 | D:12     | Noticed Gastronok
 12829 | Bazaar   | Entered a bazaar
 12832 | Bazaar   | Found Voyschos's Weapon Shop.
 12853 | Bazaar   | Found Seythruon's Weapon Boutique.
 12853 | Bazaar   | Found Mawn's Antique Weapon Shop.
 12889 | Bazaar   | Found Potuan's Antique Weapon Boutique.
 12959 | D:12     | Killed Gastronok
 13066 | D:12     | Found Usywiach's Assorted Antiques.
 13073 | D:12     | Offered knowledge of Stone Arrow by Vehumet.
 13238 | D:12     | Reached *** piety under Vehumet
 13296 | D:12     | Found Gein's Book Shop.
 13409 | D:12     | Noticed Snorg
 13446 | D:11     | HP: 4/86 [Snorg (3)]
 13452 | D:11     | Mangled by Snorg

Levels and vault maps discovered:
D:1:      minmay_arrival_plants_in_alcoves, layout_basic, minmay_statues_item,
          minmay_tromino_v2
D:2:      layout_rooms, marbit_many_paths,
          chequers_ecumenical_altar_simple_redux, first_ration, moated_statue,
          hangedman_decor_growths, kennysheep_potato
D:3:      layout_loops_ring, fedhas_altar_4, minmay_unequal, uniq_purgy
D:4:      minmay_thinvault, layout_loops_cross, elyvilon_altar_1
D:5:      layout_rooms, nicolae_overflow_hidden_temple,
          nicolae_qazlal_general_emergency, okawaru_metal_pillars_1_2,
          minmay_temple_entry_mist, cheibrodos_sewer_entry_bend, serial_bayou,
          serial_bayou_pond_c, serial_bayou_lake_a, serial_bayou_lagoon_b,
          serial_bayou_pond_b, basic_altar
D:6:      layout_rooms
D:7:      layout_layer_cave, nicolae_ru_the_path_less_chosen
D:8:      minmay_gate_of_8, layout_cave_pools, kennysheep_mini_moat,
          lemuel_doored_altar, serial_shops, shop_statue, uniq_joseph,
          uniq_grum, uniq_harold, uniq_psyche
D:9:      layout_roguey, david_lair_generic, hangedman_pestilent_swarm
D:10:     layout_basic, uniq_erolcha
D:11:     layout_basic, serial_shops, kennysheep_mini
D:12:     layout_cave_pools, zombieorc2_lemuel, serial_shops, bzr_entry_water,
          nicolae_shop_waterfront, nicolae_shop_waterfront, shop,
          uniq_gastronok, uniq_snorg
Temple:   zaba_magenta_temple

Skill      XL: |  1  2  3  4  5  6  7  8  9 10 11 |
---------------+----------------------------------+-----
Spellcasting   | 3 4 5 6 8 9 10 | 10.6
Conjurations   | 5 6 7 8 9 10 | 10.1
Hexes          | 2 4 5 6 |  6.2
Fire Magic     | 3 6 7 |  7.0
Fighting       | 3 5 |  5.1
Dodging        | 4 |  4.4
Shields        | 4 |  4.3
Stealth        | |  1.7

Action                   |  1- 3 |  4- 6 |  7- 9 | 10-12 || total
-------------------------+-------+-------+-------+-------++-------
Melee: Unarmed           |    14 |       |       |       ||    14
       Short sword       |    56 |    44 |   332 |   203 ||   635
       Tailslap          |     4 |     2 |    23 |    25 ||    54
 Cast: Magic Dart        |    59 |   123 |   234 |   251 ||   667
       Iskenderun's Myst |       |     2 |    38 |    99 ||   139
       Fulminant Prism   |       |       |    13 |    31 ||    44
 Abil: Breathe Noxious F |       |       |     5 |     7 ||    12
Evoke: Wand              |       |       |     1 |    16 ||    17
  Use: Scroll            |       |       |     3 |     1 ||     4
       Potion            |       |       |     1 |       ||     1
 Stab: Sleeping          |       |     2 |     1 |       ||     3
       Confused          |       |       |     2 |     2 ||     4
  Eat: Chunk             |     1 |     5 |    17 |    18 ||    41
       Ration            |       |       |     2 |     5 ||     7
Armor: Skin              |    21 |    23 |   232 |   100 ||   376
Dodge: Dodged            |    56 |    36 |   367 |   206 ||   665
       Deflected         |       |       |     3 |     4 ||     7
Block: Shield            |       |       |       |    14 ||    14
       Buckler           |       |       |       |    11 ||    11
